[ AOE2 MATCH · #505088364 ]
UnrankedBohemians vs Spanish
Player's team · LOSS
Rival team · WIN
[ REPLAY ANALYSIS · EXTRACTED FROM THE RECORDED GAME ]
Feudal
11:20
Castle
15:35
Imperial
—
| APM avg | 34.6 |
| APM peak | 68 |
| eAPM avg | 18.6 |
| Villagers / military | 55 / 11 |
Focus
⚔️ 24.2% · 🌾 75.8%
Monk ×7 · Hussite Wagon ×4
Feudal
9:15
Castle
19:03
Imperial
33:54
| APM avg | 42.3 |
| APM peak | 95 |
| eAPM avg | 20.7 |
| Villagers / military | 73 / 18 |
Focus
⚔️ 32.1% · 🌾 67.9%
Conquistador ×12 · Battering Ram ×2 · Trebuchet (Packed) ×2 · Mangonel ×1 · Scorpion ×1
Match map
Initial resources + every placement click. Lines = walls · curves = elevation contours. ◆ gold · ⬟ stone · ● berries · ✦ relic · ◌ wall gap
Your base· ✓ Closed at 15:35 · 27t walls · 3 gate(s)
maxymczech's base· ✓ Closed at 19:03 · 8t walls · 4 gate(s)
Smoothed initial terrain · ◌ = detected wall gap · hover for details
Inputs per minute
— zagaluke - - maxymczech
Build order — zagaluke
132 actions detected in the replay
| 0:00 | Queue | Villager (Male) |
| 0:00 | Queue | Villager (Male) |
| 0:02 | Build | House |
| 0:04 | Build | House |
| 0:07 | Queue | Villager (Male) |
| 0:07 | Queue | Villager (Male) |
| 1:27 | Queue | Villager (Male) |
| 1:43 | Build | Lumber Camp |
| 2:00 | Queue | Villager (Male) |
| 2:16 | Queue | Villager (Male) |
| 2:45 | Queue | Villager (Male) |
| 2:57 | Queue | Villager (Male) |
| 3:35 | Queue | Villager (Male) |
| 3:58 | Queue | Villager (Male) |
| 4:00 | Build | House |
| 4:01 | Build | House |
| 4:28 | Queue | Villager (Male) |
| 4:45 | Queue | Villager (Male) |
| 4:49 | Build | Mill |
| 5:00 | Queue | Villager (Male) |
| 5:13 | Queue | Villager (Male) |
| 6:00 | Queue | Villager (Male) |
| 6:07 | Queue | Villager (Male) |
| 6:16 | Queue | Villager (Male) |
| 6:41 | Build | Farm |
| 6:43 | Build | Farm |
| 7:15 | Queue | Villager (Male) |
| 7:24 | Queue | Villager (Male) |
| 7:37 | Build | House |
| 7:57 | Queue | Villager (Male) |
| 8:22 | Queue | Villager (Male) |
| 8:38 | Research | Loom |
| 8:38 | Research | Feudal Age |
| 8:52 | Build | House |
| 8:55 | Build | House |
| 9:05 | Build | House |
| 9:13 | Build | Palisade Wall |
| 9:31 | Build | Mining Camp |
| 9:54 | Queue | Villager (Male) |
| 9:54 | Queue | Villager (Male) |
| 9:59 | Build | Palisade Wall |
| 10:03 | Build | Palisade Wall |
| 10:09 | Build | Palisade Wall |
| 10:18 | Queue | Villager (Male) |
| 10:24 | Build | Palisade Wall |
| 11:20 | Age | Feudal Age |
| 11:25 | Build | Market |
| 11:35 | Build | Blacksmith |
| 11:42 | Build | Farm |
| 11:45 | Build | Farm |
| 11:51 | Build | Palisade Gate |
| 12:36 | Queue | Villager (Male) |
| 12:55 | Research | Castle Age |
| 13:15 | Build | Farm |
| 13:20 | Build | Farm |
| 13:59 | Build | Farm |
| 14:16 | Queue | Villager (Male) |
| 15:02 | Queue | Villager (Male) |
| 15:35 | Age | Castle Age |
| 15:49 | Build | Castle |
| 15:58 | Research | Fletching |
| 15:59 | Queue | Villager (Male) |
| 16:11 | Build | Mining Camp |
| 16:13 | Build | Lumber Camp |
| 16:42 | Build | House |
| 16:54 | Queue | Hussite Wagon |
| 17:06 | Build | Mining Camp |
| 17:19 | Queue | Villager (Male) |
| 17:19 | Queue | Villager (Male) |
| 18:19 | Queue | Villager (Male) |
| 18:20 | Queue | Villager (Male) |
| 18:43 | Queue | Villager (Male) |
| 19:11 | Queue | Villager (Male) |
| 19:52 | Queue | Villager (Male) |
| 20:04 | Build | Farm |
| 20:26 | Queue | Villager (Male) |
| 20:36 | Build | Castle |
| 20:42 | Build | Mining Camp |
| 20:49 | Queue | Villager (Male) |
| 21:04 | Build | Monastery |
| 21:16 | Build | Farm |
| 21:23 | Queue | Villager (Male) |
| 21:49 | Build | Mill |
| 21:53 | Queue | Villager (Male) |
| 22:04 | Queue | Hussite Wagon |
| 22:04 | Queue | Hussite Wagon |
| 22:22 | Queue | Villager (Male) |
| 22:45 | Queue | Villager (Male) |
| 23:20 | Build | Castle |
| 23:23 | Queue | Villager (Male) |
| 23:39 | Queue | Villager (Male) |
| 23:43 | Build | Mining Camp |
| 23:54 | Research | Redemption |
| 24:34 | Queue | Villager (Male) |
| 24:48 | Research | Sanctity |
| 24:48 | Research | Sanctity |
| 25:07 | Build | Farm |
| 25:13 | Queue | Monk |
| 25:34 | Build | Monastery |
| 25:36 | Queue | Villager (Male) |
| 26:10 | Queue | Monk |
| 26:10 | Queue | Monk |
| 26:21 | Build | Farm |
| 26:22 | Build | Farm |
| 26:27 | Build | Farm |
| 26:35 | Queue | Villager (Male) |
| 26:56 | Queue | Monk |
| 27:14 | Research | Fervor |
| 27:19 | Build | Castle |
| 27:32 | Build | Castle |
| 27:37 | Queue | Monk |
| 27:37 | Queue | Monk |
| 27:59 | Queue | Villager (Male) |
| 28:00 | Queue | Villager (Male) |
| 28:23 | Build | Castle |
| 28:26 | Queue | Monk |
| 28:39 | Queue | Villager (Male) |
| 28:40 | Queue | Villager (Male) |
| 29:04 | Queue | Villager (Male) |
| 30:14 | Queue | Villager (Male) |
| 30:56 | Build | Mining Camp |
| 31:00 | Build | Mining Camp |
| 31:04 | Build | Mining Camp |
| 31:34 | Build | Farm |
| 31:35 | Build | Farm |
| 31:40 | Build | Lumber Camp |
| 32:02 | Queue | Hussite Wagon |
| 32:58 | Research | Imperial Age |
| 33:13 | Queue | Villager (Male) |
| 33:38 | Queue | Villager (Male) |
| 33:56 | Research | Double-Bit Axe |
| 33:56 | Research | Double-Bit Axe |
Build order — maxymczech
First 150 of 205 actions detected
| 0:00 | Queue | Villager (Male) |
| 0:02 | Build | House |
| 0:03 | Build | House |
| 0:15 | Queue | Villager (Male) ×3 |
| 1:27 | Queue | Villager (Male) |
| 1:44 | Queue | Villager (Male) |
| 1:58 | Queue | Villager (Male) |
| 2:24 | Build | Lumber Camp |
| 2:33 | Queue | Villager (Male) |
| 2:45 | Queue | Villager (Male) |
| 3:30 | Build | House |
| 3:32 | Build | House |
| 3:34 | Queue | Villager (Male) |
| 3:37 | Queue | Villager (Male) |
| 4:13 | Queue | Villager (Male) |
| 4:16 | Queue | Villager (Male) |
| 4:40 | Queue | Villager (Male) |
| 5:11 | Build | Mill |
| 5:31 | Queue | Villager (Male) |
| 5:31 | Queue | Villager (Male) |
| 5:32 | Research | Loom |
| 6:33 | Research | Feudal Age |
| 6:53 | Build | Mining Camp |
| 7:46 | Queue | Villager (Male) |
| 7:47 | Queue | Villager (Male) |
| 7:50 | Build | House |
| 9:15 | Age | Feudal Age |
| 9:17 | Build | Watch Tower |
| 9:26 | Research | Double-Bit Axe |
| 9:46 | Queue | Villager (Male) |
| 10:02 | Queue | Villager (Male) |
| 10:02 | Queue | Villager (Male) |
| 10:05 | Build | Blacksmith |
| 10:24 | Queue | Villager (Male) |
| 10:38 | Build | Watch Tower |
| 10:47 | Build | Watch Tower |
| 10:54 | Queue | Villager (Male) |
| 11:01 | Build | Mill |
| 11:07 | Research | Fletching |
| 11:08 | Research | Fletching |
| 11:09 | Queue | Villager (Male) |
| 11:09 | Queue | Villager (Male) |
| 11:10 | Queue | Villager (Male) |
| 11:10 | Queue | Villager (Male) |
| 11:10 | Queue | Villager (Male) |
| 11:49 | Build | Watch Tower |
| 11:59 | Build | Watch Tower |
| 12:02 | Queue | Villager (Male) |
| 12:16 | Build | House |
| 12:36 | Build | House |
| 12:50 | Build | House |
| 12:51 | Build | House |
| 13:23 | Build | Market |
| 13:57 | Build | Farm |
| 14:21 | Queue | Villager (Male) |
| 14:21 | Queue | Villager (Male) |
| 14:28 | Build | Mining Camp |
| 15:00 | Build | Farm |
| 15:03 | Build | Farm |
| 15:06 | Queue | Villager (Male) |
| 15:38 | Queue | Villager (Male) |
| 15:58 | Build | Farm |
| 15:58 | Build | Farm |
| 16:03 | Build | House |
| 16:15 | Build | House |
| 16:19 | Build | House |
| 16:20 | Build | House |
| 16:21 | Build | House |
| 16:23 | Research | Castle Age |
| 16:58 | Build | Watch Tower |
| 17:05 | Build | Stone Wall |
| 17:08 | Build | Stone Wall |
| 17:14 | Build | Palisade Wall |
| 17:20 | Build | Palisade Wall |
| 17:21 | Build | Palisade Wall |
| 17:26 | Build | Palisade Gate |
| 17:50 | Build | Stone Wall |
| 18:01 | Build | Stone Wall |
| 18:14 | Queue | Villager (Male) |
| 18:14 | Queue | Villager (Male) |
| 18:33 | Queue | Villager (Male) |
| 18:47 | Build | Mining Camp |
| 19:03 | Age | Castle Age |
| 19:05 | Research | Bodkin Arrow |
| 19:08 | Build | University |
| 19:12 | Queue | Villager (Male) |
| 19:36 | Build | Siege Workshop |
| 19:43 | Research | Guard Tower (upgrade) |
| 19:44 | Research | Guard Tower (upgrade) |
| 19:54 | Research | Masonry |
| 20:17 | Build | House |
| 20:18 | Build | House |
| 20:18 | Build | House |
| 20:19 | Build | House |
| 20:20 | Build | House |
| 20:29 | Queue | Villager (Male) |
| 20:35 | Build | Farm |
| 20:37 | Build | Farm |
| 20:41 | Build | Farm |
| 20:58 | Queue | Villager (Male) |
| 21:23 | Build | Town Center |
| 21:25 | Queue | Villager (Male) |
| 21:25 | Queue | Villager (Male) |
| 21:53 | Queue | Villager (Male) |
| 22:01 | Queue | Villager (Male) |
| 22:01 | Queue | Villager (Male) |
| 22:15 | Queue | Mangonel |
| 22:36 | Build | Farm |
| 22:40 | Queue | Villager (Male) |
| 22:40 | Queue | Villager (Male) |
| 22:42 | Build | Farm |
| 22:53 | Queue | Villager (Male) |
| 23:03 | Build | Farm |
| 23:08 | Build | Farm |
| 23:10 | Queue | Villager (Male) |
| 23:34 | Queue | Scorpion |
| 23:41 | Queue | Villager (Male) |
| 23:47 | Build | Gate |
| 23:56 | Queue | Villager (Male) |
| 23:56 | Queue | Villager (Male) |
| 23:57 | Queue | Villager (Male) |
| 24:15 | Build | Farm |
| 24:16 | Build | Farm |
| 24:16 | Build | Farm |
| 24:39 | Build | Castle |
| 24:43 | Build | Lumber Camp |
| 24:44 | Queue | Villager (Male) ×2 |
| 24:49 | Build | Farm |
| 24:50 | Queue | Villager (Male) |
| 25:02 | Queue | Villager (Male) |
| 25:13 | Queue | Villager (Male) |
| 25:17 | Build | Farm |
| 25:20 | Build | Farm |
| 25:33 | Queue | Villager (Male) |
| 25:33 | Queue | Villager (Male) |
| 25:33 | Queue | Villager (Male) |
| 25:46 | Queue | Villager (Male) |
| 25:51 | Build | Lumber Camp |
| 26:03 | Queue | Villager (Male) |
| 26:03 | Queue | Villager (Male) |
| 26:09 | Queue | Conquistador |
| 26:14 | Queue | Conquistador |
| 26:15 | Queue | Conquistador |
| 26:29 | Queue | Villager (Male) |
| 26:29 | Queue | Villager (Male) |
| 26:59 | Queue | Villager (Male) |
| 27:02 | Build | Farm |
| 27:03 | Build | Farm |
| 27:06 | Build | Farm |
| 27:06 | Build | Farm |
Match timeline
| 9:13 | zagaluke · wall_segment Palisade Wall x9 |
| 9:15 | maxymczech · age_up feudal |
| 9:59 | zagaluke · wall_segment Palisade Wall x5 |
| 10:03 | zagaluke · wall_segment Palisade Wall x5 |
| 10:09 | zagaluke · wall_segment Palisade Wall x3 |
| 10:24 | zagaluke · wall_segment Palisade Wall x9 |
| 11:20 | zagaluke · age_up feudal |
| 12:40 | zagaluke · first_market_sell 500 wood |
| 12:42 | zagaluke · first_market_buy 100 food |
| 15:35 | zagaluke · age_up castle |
| 15:49 | zagaluke · first_building Castle |
| 15:49 | maxymczech · first_market_sell 100 wood |
| 15:51 | maxymczech · first_market_buy 100 food |
| 17:05 | maxymczech · wall_segment Stone Wall x1 |
| 17:08 | maxymczech · wall_segment Stone Wall x1 |
| 17:14 | maxymczech · wall_segment Palisade Wall x1 |
| 17:20 | maxymczech · wall_segment Palisade Wall x1 |
| 17:21 | maxymczech · wall_segment Palisade Wall x1 |
| 17:50 | maxymczech · wall_segment Stone Wall x2 |
| 18:01 | maxymczech · wall_segment Stone Wall x1 |
| 19:03 | maxymczech · age_up castle |
| 19:36 | maxymczech · first_building Siege Workshop |
| 21:04 | zagaluke · first_building Monastery |
| 24:39 | maxymczech · first_building Castle |
| 28:07 | maxymczech · first_building Monastery |
| 32:00 | maxymczech · wall_segment Stone Wall x1 |
| 32:01 | maxymczech · wall_segment Stone Wall x1 |
| 32:05 | maxymczech · wall_segment Stone Wall x1 |
| 32:05 | maxymczech · wall_segment Stone Wall x1 |
| 33:54 | maxymczech · age_up imperial |
| 34:12 | zagaluke · resign |
[ AI ANALYSIS · 1 CREDIT ]
What really happened in this match?
Wolo.gg analyzes every decision: build order, eco, micro, common mistakes by bracket. Personalized analysis on WhatsApp or Discord in 30 seconds.
Civ guide
Bohemians
Perfil
zagaluke